 Dungeon Crawl Stone Soup version 0.31-a0-609-g7bf6ffcfed (webtiles) character file.

Game seed: 12317998216364629268

853 Dittersdorf the Shield-Bearer (level 8, 0/51 HPs)
             Began as a Gargoyle Fighter on Aug 21, 2023.
             Was a Follower of Okawaru.
             Slain by an ogre
             ... wielding a +0 giant club
              (17 damage)
             ... on level 5 of the Dungeon.
             The game lasted 00:05:55 (6092 turns).

Dittersdorf the Shield-Bearer (Gargoyle Fighter)    Turns: 6092, Time: 00:05:56

Health: 0/51       AC: 15    Str: 21    XL:     8   Next: 1%
Magic:  8/8        EV:  8    Int: 10    God:    Okawaru [*.....]
Gold:   148        SH:  5    Dex:  9    Spells: 7/7 levels left

rFire   . . .        r - +1 flail (drain)
rCold   . . .        c - +0 buckler
rNeg    + . .        s - +0 chain mail
rPois   ∞            (no helmet)
rElec   +            (no cloak)
rCorr   .            (no gloves)
SInv    .            (no boots)
Will    +....        (no amulet) Stlth
                     m - ring of willpower
HPRegen 0.28/turn    (no ring)
MPRegen 0.11/turn

%: no passive effects
@: no status effects
A: sickness immunity, AC +5, negative energy resistance 1, electricity
resistance, torment resistance 1, petrification resistance
a: Renounce Religion, Heroism


You were on level 5 of the Dungeon.
You worshipped Okawaru.
Okawaru was aware of your devotion.
You visited 2 branches of the dungeon, and saw 6 of its levels.

You collected 148 gold pieces.

Inventory:

Hand Weapons
 p - a +0 morningstar
 r - a +1 flail of draining (weapon)
Armour
 c - a +0 buckler (worn)
 s - a +0 chain mail (worn)
Jewellery
 m - a ring of willpower (left hand)
 n - a ring of ice
Scrolls
 a - a scroll of summoning {unknown}
 e - 2 scrolls of poison {unknown}
 f - 3 scrolls of teleportation {unknown}
 g - a scroll of enchant weapon {unknown}
 h - 2 scrolls of blinking {unknown}
 k - 2 scrolls of identify
 l - a scroll of vulnerability {unknown}
 o - a scroll of enchant armour {unknown}
 q - 2 scrolls of immolation {unknown}
 t - a scroll of silence {unknown}
Potions
 b - a potion of mutation
 d - a potion of might
 i - a potion of enlightenment {unknown}
 j - 3 potions of heal wounds
 u - a potion of haste {unknown}


   Skills:
 + Level 5.8 Fighting
 + Level 4.7 Maces & Flails
 + Level 5.7 Armour
 + Level 5.8 Shields


You had 7 spell levels left.
You didn't know any spells.
Your spell library contained the following spells:

 Spells                   Type           Power      Damage    Failure   Level
 Apportation              Tloc           0%         N/A       96%         1
 Wereblood                Tmut           0%         N/A       99%         2
 Gell's Gravitas          Tloc           0%         N/A       100%        3
 Portal Projectile        Hex/Tloc       0%         N/A       100%        3
 Teleport Other           Tloc           0%         N/A       100%        3
 Anguish                  Hex/Necr       0%         N/A       100%        4
 Cause Fear               Hex            0%         N/A       100%        4
 Leda's Liquefaction      Hex/Erth       0%         N/A       100%        4
 Passage of Golubria      Tloc           0%         N/A       100%        4
 Petrify                  Tmut/Erth      0%         N/A       100%        4
 Alistair's Intoxication  Tmut/Pois      0%         N/A       100%        5
 Borgnjor's Vile Clutch   Necr/Erth      0%         N/A       100%        5
 Irradiate                Conj/Tmut      0%         3d11      100%        5
 Silence                  Hex/Air        0%         N/A       100%        5
 Dispersal                Tloc           0%         N/A       100%        6
 Eringya's Noxious Bog    Tmut/Pois      0%         4d6       100%        6
 Enfeeble                 Hex            0%         N/A       100%        7
 Lehudib's Crystal Spear  Conj/Erth      0%         10d2      100%        8
 Sublimation of Blood     Necr           Unusable   N/A       N/A         2
 Call Canine Familiar     Summ           Unusable   N/A       N/A         3
 Summon Hydra             Summ           Unusable   N/A       N/A         7

Dungeon Overview and Level Annotations

Branches:
Dungeon (5/15)             Temple (1/1) D:4

Altars:
Elyvilon
Fedhas
Hepliaklqana
Kikubaaqudgha
Makhleb
Nemelex Xobeh
Okawaru
Ru
Uskayaw
Wu Jian
Xom
Yredelemnul


Innate Abilities, Weirdness & Mutations

You are immune to sickness and miasma.
Your stone body is resilient. (AC +5)
You are immune to poison.
You resist negative energy. (rN+)
You are resistant to electric shocks. (rElec)
You are resistant to unholy torment.
You are immune to petrification.


Message History

There is an open door here.
Items here: )) [ ÷.
There is an open door here.
You open the door.
Found a stone staircase leading down.
There is an open door here.
You open the door.
There is an open door here.
You open the door.
An ogre comes into view. It is wielding a +0 giant club.
An ogre is nearby!
There is an open door here.
The ogre hits you with a +0 giant club!!
You barely miss the ogre. The ogre hits you with a +0 giant club!
You are too injured to fight recklessly!
You are too injured to fight recklessly!
You are too injured to fight recklessly!
You are too injured to fight recklessly!
You are too injured to fight recklessly!
You are too injured to fight recklessly!
You are too injured to fight recklessly!
You are too injured to fight recklessly!
You are too injured to fight recklessly!
You are too injured to fight recklessly!
You are too injured to fight recklessly!
You are too injured to fight recklessly!
You are too injured to fight recklessly!
You are too injured to fight recklessly!
You are too injured to fight recklessly!
You are too injured to fight recklessly!
You are too injured to fight recklessly!
You hit the ogre. You drain the ogre.
The ogre is moderately wounded.
You hit the ogre but do no damage.
The ogre is moderately wounded.
The ogre hits you with a +0 giant club!
You sock the ogre!
The ogre is almost dead.
The ogre hits you with a +0 giant club!
You die...

#####.....##'###..........>......
.. ##'##.....##############+####
... #...#.....#.......# ...
#>..#.....#.......#
#...'.....#.......#
#...#.....#.......#
#...#...>.#.......#
#...#.....'.......#
#...#.....#.@O....#
###.#.....#......##
################


You could see an ogre (drained).

Vanquished Creatures
  Edmund (D:4)
  2 black bears
  A scorpion (D:5)
  A howler monkey (D:5)
  2 jellies (D:5)
  An orc priest (D:5)
  2 hounds
  An iguana (D:5)
  3 orc wizards (D:5)
  Natasha (thrice) (D:2)
  4 adders
  2 white imps
  13 orcs
  2 ball pythons
  6 endoplasms
  2 giant cockroaches
  8 goblins
  7 hobgoblins
  3 jackals (D:1)
  10 kobolds
  5 quokkas
  4 bats
  4 frilled lizards
  6 rats
93 creatures vanquished.

Notes
Turn   | Place    | Note
-------+----------+-------------------------------------------
     0 | D:1      | Dittersdorf the Gargoyle Fighter began the quest for the
                  | Orb.
     0 | D:1      | Reached XP level 1. HP: 14/14 MP: 1/1
   128 | D:1      | Reached XP level 2. HP: 17/19 MP: 2/2
   693 | D:2      | Reached XP level 3. HP: 23/23 MP: 3/3
   846 | D:2      | Found a faded altar of an unknown god.
  1209 | D:2      | Noticed Natasha
  1221 | D:2      | Killed Natasha
  1222 | D:2      | Reached XP level 4. HP: 16/29 MP: 4/4
  2136 | D:2      | Noticed Natasha
  2141 | D:2      | Killed Natasha
  2265 | D:2      | Found a faded altar of an unknown god.
  2615 | D:2      | Noticed Natasha
  2626 | D:2      | Killed Natasha
  2627 | D:2      | Reached XP level 5. HP: 27/33 MP: 5/5
  2796 | D:2      | Found a faded altar of an unknown god.
  4166 | D:4      | Found a staircase to the Ecumenical Temple.
  4173 | Temple   | Entered the Ecumenical Temple
  4203 | Temple   | Became a worshipper of Warmaster Okawaru
  4351 | D:4      | Noticed a black bear
  4366 | D:4      | Killed a black bear
  4367 | D:4      | Reached XP level 6. HP: 27/39 MP: 6/6
  4490 | D:4      | Noticed Edmund
  4660 | D:4      | Killed Edmund
  4660 | D:4      | Reached * piety under Okawaru
  4661 | D:4      | Reached skill level 5 in Fighting
  4661 | D:4      | Reached skill level 5 in Shields
  4955 | D:4      | Reached skill level 5 in Armour
  5237 | D:5      | Entered Level 5 of the Dungeon
  5255 | D:5      | Reached XP level 7. HP: 40/44 MP: 7/7
  5928 | D:5      | Reached XP level 8. HP: 49/51 MP: 8/8
  6092 | D:5      | Slain by an ogre

Illustrated notes

Levels and vault maps discovered:
D:1:      dpeg_arrival_subterranean_lakeside_camping, layout_basic
D:2:      layout_loops_corners, hellmonk_ecumenical_altar_crossroads,
          st_stairs_11, uniq_natasha
D:3:      layout_loops_ring, hex_large, kennysheep_flooded_box,
          supply_closet_lemuel, grunt_ministairs_12
D:4:      layout_loops_ring, minmay_temple_entry_gardened_gates,
          grunt_ministairs_11, hangedman_decor_push, uniq_edmund
D:5:      layout_gridville
Temple:   nicolae_temple_hex_pool

Skill      XL: |  1  2  3  4  5  6 |
---------------+-------------------+-----
Shields        | 4 5 |  5.8
Fighting       | 4 5 |  5.8
Armour         | 4 5 |  5.7
Maces & Flails | 3 4 |  4.7

Action                     |  1- 3 |  4- 6 |  7- 9 || total
---------------------------+-------+-------+-------++-------
  Melee: Flail             |   119 |   160 |   103 ||   382
    Use: Scroll            |       |       |     4 ||     4
 Armour: Scale mail        |    59 |    54 |       ||   113
         Ring mail         |       |    31 |       ||    31
         Chain mail        |       |     4 |   118 ||   122
  Dodge: Dodged            |    69 |    82 |    56 ||   207
  Block: Buckler           |    34 |    38 |    41 ||   113

Table legend: (Time is in decaauts)
 A = Elapsed time spent in this place.
 B = Non-inter-level travel time spent in this place.
 C = Inter-level travel time spent in this place.
 D = Time resting spent in this place.
 E = Time spent auto-exploring this place.
 F = Levels seen in this place.
 G = Mean time per level.
                   A        B        C        D        E       F      G
               +--------+--------+--------+--------+--------+-----+--------+
         Total |   6206 |   5969 |    237 |    323 |   4711 |   6 | 1034.3 |
       Dungeon |   6145 |   5966 |    179 |    323 |   4711 |   5 | 1229.0 |
        Temple |     60 |      2 |     58 |      0 |      0 |   1 |   60.0 |
               +--------+--------+--------+--------+--------+-----+--------+

Top non-repeatable levels by time:
     D:2: 2555 daAuts
     D:4: 1039 daAuts
     D:3: 960 daAuts
     D:5: 860 daAuts
     D:1: 729 daAuts
  Temple: 60 daAuts
